 Dungeon Crawl Stone Soup version 0.31.0-2-g5a2aebc5c2 (webtiles) character file.

Game seed: 3727940720570526614

4600 Sweeb the Grave Robber (level 10, -7/73 (74) HPs)
             Began as a Demonspawn Necromancer on Jan 20, 2024.
             Was a Believer of Makhleb.
             Mangled by a wight
             ... wielding a +3 flail
              (11 damage)
             ... on level 8 of the Dungeon.
             The game lasted 00:25:24 (8239 turns).

Sweeb the Grave Robber (Demonspawn Necromancer)     Turns: 8239, Time: 00:25:24

HP:   -7/73 (74)    AC: 14    Str:  8    XL:     10   Next: 19%
MP:   15/20         EV:  9    Int: 17    God:    Makhleb [**....]
Gold: 533           SH:  7    Dex: 17    Spells: 18/22 levels left

rFire   . . .        d - +1 whip
rCold   . . .        n - +1 buckler
rNeg    . . .        j - +0 ring mail
rPois   .            t - +1 helmet
rElec   .            (no cloak)
rCorr   .            D - +1 pair of gloves
SInv    .            u - +0 pair of boots
Will    .....        k - amulet of regeneration
Stlth   +            (no ring)
HPRegen 1.12/turn    (no ring)
MPRegen 0.17/turn

%: no passive effects
@: brilliant, marked, lightly drained
A: icy blue scales 2, spiny 2, weakness stinger 2
a: Renounce Religion, Minor Destruction


You were on level 8 of the Dungeon.
You worshipped Makhleb.
Makhleb was pleased with you.
You visited 1 branch of the dungeon, and saw 9 of its levels.
You also visited: Sewer.

You collected 533 gold pieces.

Inventory:

Hand Weapons
 d - a +1 whip (weapon)
 m - a +3 flail
Missiles
 w - 2 throwing nets
Armour
 j - a +0 ring mail (worn)
 n - a +1 buckler (worn)
 q - the orb of Happy Babbling {guile, rN++ rCorr Int-3 Alchemy}
   (You found it on level 4 of the Dungeon)

   Int-3:     It affects your intelligence (-3).
   rN++:      It greatly protects you from negative energy.
   rCorr:     It protects you from acid and corrosion.
   Alchemy:   It increases the power of your Alchemy spells.
 t - a +1 helmet (worn)
 u - a +0 pair of boots (worn)
 D - a +1 pair of gloves (worn)
Jewellery
 a - a ring of fire
 k - an amulet of regeneration (around neck)
 s - a ring of ice
Wands
 c - a wand of flame (7)
 r - a wand of quicksilver (21)
 y - a wand of paralysis (7)
 C - a wand of roots (21)
Scrolls
 o - a scroll of enchant weapon
Potions
 b - a potion of magic
 e - 4 potions of curing
 f - a potion of attraction
 g - a potion of haste
 l - 2 potions of might {unknown}
 v - 3 potions of lignification
 x - a potion of berserk rage {unknown}
 z - a potion of enlightenment
 A - a potion of mutation {unknown}
 B - a potion of cancellation {unknown}


   Skills:
 + Level 5.0 Fighting
 * Level 6.4 Maces & Flails
 + Level 4.4 Armour
 - Level 1.7 Dodging
 - Level 1.7 Stealth
 - Level 5.5 Shields
 * Level 6.8 Spellcasting
 * Level 7.4 Necromancy


You had 18 spell levels left.
You knew the following spells:

 Your Spells              Type           Power      Damage    Failure   Level
a - Necrotise             Necr           100%       1d9       2%          1
b - Vampiric Draining     Necr           46%        2d9       7%          3

Your spell library contained the following spells:

 Spells                   Type           Power      Damage    Failure   Level
 Animate Dead             Necr           46%        N/A       22%         4
 Cigotuvi's Dreadful Rot  Necr/Alch/Air  42%        N/A       26%         2
 Apportation              Tloc           16%        N/A       43%         1
 Sandblast                Erth           16%        2d6       43%         1
 Sting                    Conj/Alch      32%        1d5       43%         1
 Summon Small Mammal      Summ           32%        N/A       43%         1
 Curse of Agony           Necr           46%        N/A       52%         5
 Blink                    Tloc           16%        N/A       58%         2
 Ensorcelled Hibernation  Hex/Ice        16%        N/A       58%         2
 Jinxbite                 Hex            16%        N/A       58%         2
 Lesser Beckoning         Tloc           16%        N/A       58%         2
 Momentum Strike          Conj/Tloc      16%        3d8       58%         2
 Inner Flame              Hex/Fire       8%         N/A       82%         3
 Passwall                 Erth           8%         N/A       82%         3
 Stone Arrow              Conj/Erth      16%        3d8       82%         3
 Swiftness                Air            8%         N/A       82%         3
 Brom's Barrelling Bould  Conj/Erth      8%         2d3       99%         4
 Ignite Poison            Fire/Alch      8%         N/A       99%         4
 Alistair's Intoxication  Alch           5%         N/A       100%        5
 Freezing Cloud           Conj/Ice/Air   4%         6-21      100%        5
 Irradiate                Conj/Alch      4%         3d13      100%        5
 Ignition                 Fire           4%         3d4       100%        8


Dungeon Overview and Level Annotations

Branches:
Dungeon (9/15)             Temple (0/1) D:6            Lair (0/5) D:8
  Sewer (visited)
    Orc: D:9-12

Altars:
Gozag
Kikubaaqudgha
Makhleb
Nemelex Xobeh

Shops:
D:7 [   D:8 *

Annotations:
D:3 Sigmund
D:7 1 runed translucent door, Crazy Yiuf
D:8 Harold


Innate Abilities, Weirdness & Mutations

You are mostly covered in icy blue scales. (AC +3)
You are mostly covered in sharp spines.
You have a tail ending in a sharp stinger.


Message History

You feel strangely unstable.
The killer bee buzzes angrily. x2
A killer bee comes into view. x2
A wight comes into view. It is wielding a +0 dagger.
Your surroundings suddenly seem different.
Harold, a wyvern and a wight come into view.
Harold is wielding a +3 heavy war axe and quivering 2 throwing nets.
Found a short sword and 3 stones.
Found a stone staircase leading down and a stone staircase leading up.
Harold shouts!
The wyvern hisses angrily.
Your magical contamination has completely faded away.
You see here a +0 short sword.
Harold points at you and mumbles some strange words.
A sentinel's mark forms upon you.
Harold points at you and mumbles some strange words.
The mark upon you grows brighter. The wight is struck by your spines.
The wight hits you with a +3 flail.
You feel drained. The wight hits you but does no damage.
There is a stone staircase leading down here.
The wight hits you but does no damage. The wight is struck by your spines.
The wight hits you with a +0 dagger. Harold is struck by your spines.
Harold hits you with a +3 heavy war axe!!
There is a stone staircase leading up, spattered with blood here.
The wyvern is struck by your spines.
The wyvern bites you but does no damage.
The wight is struck by your spines. The wight closely misses you.
The wight hits you but does no damage. x2
You climb upwards.
There is a stone staircase leading down here.
Unknown command.
Okay, then.
It was a potion of brilliance.
You feel clever all of a sudden. Harold is struck by your spines.
Harold hits you with a +3 heavy war axe!!
* * * LOW HITPOINT WARNING * * *
The wight completely misses you. The wight is struck by your spines.
The wight hits you but does no damage. The wight hits you with a +3 flail!
You die...

..>.........# #####...........
....PP......##. #........#####..
.....♣...♣..... #........# ###
.P♣...P........ #........#
............... #........#
......♣.##########........#
...P.♣.#..#......z@.####+## ###
..PP......#...(..>..# #..
....#.....#....)@z..#. #..
...##†...##.........#... #.
...##'####....#######...########.
.........#....# .........###
...†.....#....# .......<.#..
.........#....# .........#..
.........#....# .......[.#..
.........#....# .........#..
.#########....# ##.#####'#..


You could see Harold and 2 wights.

Vanquished Creatures
  Joseph (D:7)
  Prince Ribbit (D:7)
  Grinder (D:6)
  3 wyverns (D:8)
  3 water moccasins (D:8)
  An orc warrior (D:7)
  An ice beast (D:5)
  2 sky beasts
  2 black bears
  An ogre (D:5)
  A wolf (D:8)
  2 centaurs
  A phantom (D:5)
  Blork the orc (D:4)
  4 kobold brigands
  3 bullfrogs
  3 scorpions
  A howler monkey (D:7)
  2 jellies
  5 hounds
  4 bombardier beetles
  3 orc priests
  A gnoll bouda (D:7)
  6 iguanas
  3 orc wizards
  13 gnolls
  6 adders
  A shadow imp (D:5)
  A white imp (D:6)
  4 ufetubi
  5 dart slugs
  A ribbon worm (D:5)
  15 orcs
  4 bats (D:2)
  6 endoplasms
  6 giant cockroaches (D:6)
  A goblin (D:3)
  7 hobgoblins
  3 jackals
  21 kobolds
  5 quokkas
  6 ball pythons
  A frilled lizard (D:1)
  8 rats
170 creatures vanquished.

Vanquished Creatures (collateral kills)
  2 water moccasins (D:8)
  2 black bears (D:8)
  A howler monkey (D:7)
  An iguana (D:5)
  An adder (D:3)
  An orc (D:5)
  A ball python (D:1)
  A kobold (D:6)
10 creatures vanquished.

Grand Total: 180 creatures vanquished

Notes
Turn   | Place    | Note
-------+----------+-------------------------------------------
     0 | D:1      | Sweeb the Demonspawn Necromancer began the quest for the
                  | Orb.
     0 | D:1      | Reached XP level 1. HP: 13/13 MP: 3/3
   283 | D:1      | Gained mutation: You are partially covered in sharp spines.
                  | [demonic ancestry]
   283 | D:1      | Reached XP level 2. HP: 20/20 MP: 1/5
   456 | D:1      | Reached skill level 1 in Maces & Flails
   814 | D:2      | Gained mutation: You are partially covered in icy blue
                  | scales. (AC +2) [demonic ancestry]
   814 | D:2      | Reached XP level 3. HP: 25/25 MP: 0/6
  1150 | D:2      | Reached skill level 1 in Fighting
  1150 | D:2      | Reached skill level 1 in Armour
  1219 | D:2      | Identified the +3 plate armour "Eniajyim" {rPois Will+}
  1719 | D:3      | Gained mutation: You have a small tail. [demonic ancestry]
  1719 | D:3      | Reached XP level 4. HP: 32/32 MP: 3/7
  2025 | D:3      | Noticed Sigmund
  2081 | D:4      | Identified the orb of Happy Babbling {guile, rN++ rCorr
                  | Int-3 Alchemy}
  2306 | D:4      | Reached skill level 1 in Shields
  2431 | D:4      | Noticed Blork the orc
  2466 | D:4      | Reached XP level 5. HP: 34/37 MP: 6/9
  2911 | D:4      | Gained mutation: You are mostly covered in icy blue scales.
                  | (AC +3) [demonic ancestry]
  2911 | D:4      | Reached XP level 6. HP: 23/44 MP: 0/10
  3037 | D:4      | Reached skill level 5 in Necromancy
  3482 | D:4      | Killed Blork the orc
  3516 | D:5      | Entered Level 5 of the Dungeon
  3597 | D:5      | Gained mutation: You are mostly covered in sharp spines.
                  | [demonic ancestry]
  3597 | D:5      | Reached XP level 7. HP: 51/51 MP: 9/12
  4030 | D:5      | Gained mutation: You have a tail ending in a sharp stinger.
                  | [demonic ancestry]
  4030 | D:5      | Reached XP level 8. HP: 57/57 MP: 11/14
  4328 | D:5      | Found an opulent altar of Gozag.
  4328 | D:5      | Found an ancient bone altar of Kikubaaqudgha.
  4333 | D:5      | Found a burning altar of Makhleb.
  4365 | D:5      | Became a worshipper of Makhleb the Destroyer
  4744 | D:6      | Learned a level 3 spell: Vampiric Draining
  4955 | D:6      | Found a glowing drain.
  4973 | Sewer    | Entered a sewer
  5038 | Sewer    | Reached skill level 5 in Spellcasting
  5044 | Sewer    | Reached * piety under Makhleb
  5232 | D:6      | Found a staircase to the Ecumenical Temple.
  5312 | D:6      | Found a sparkling altar of Nemelex Xobeh.
  5773 | D:6      | Reached skill level 6 in Necromancy
  5832 | D:6      | Noticed Grinder
  5857 | D:6      | Killed Grinder
  5962 | D:7      | Noticed Joseph
  5991 | D:7      | Killed Joseph
  5992 | D:7      | Reached skill level 5 in Maces & Flails
  5992 | D:7      | Reached XP level 9. HP: 47/65 MP: 12/17
  5997 | D:7      | Found Kimuula's Armour Emporium.
  6697 | D:7      | Reached skill level 5 in Shields
  6804 | D:7      | Noticed Prince Ribbit
  6819 | D:7      | Killed Prince Ribbit
  6964 | D:7      | Found a runed translucent door.
  6965 | D:7      | Noticed Crazy Yiuf
  7127 | D:7      | Identified the +1 leather armour "Juig" {^Drain rN++ Int+4}
  7890 | D:8      | Reached ** piety under Makhleb
  7893 | D:8      | Found a staircase to the Lair.
  7913 | D:8      | Reached skill level 7 in Necromancy
  7920 | D:8      | Reached XP level 10. HP: 73/73 MP: 11/19
  8022 | D:8      | Reached skill level 5 in Fighting
  8058 | D:8      | Found Remiohe's General Store.
  8231 | D:9      | Noticed Harold
  8238 | D:8      | HP: 3/73 [Harold/+3 heavy war axe (24)]
  8239 | D:8      | Mangled by a wight

Illustrated notes

Levels and vault maps discovered:
D:1:      reono_arrival_forest_river, layout_basic
D:2:      layout_basic, basic_altar
D:3:      layout_basic, kennysheep_ying_yang, minmay_misc_feat_four_crosses,
          kennysheep_generic_room_7, uniq_sigmund
D:4:      layout_loops_corners, minmay_increasing_density, uniq_blork_the_orc
D:5:      minmay_chambers_of_threes, layout_basic,
          gammafunk_temple_overflow_claw, chequers_serial_rivers_marsh,
          kennysheep_cluttered_room
D:6:      layout_gridville, nicolae_overflow_two_pavilions,
          minmay_temple_entry_glass, gup_sewer_entry_pipe,
          kennysheep_crisscross, kennysheep_another_room, uniq_grinder
D:7:      layout_gridville, nicolae_take_the_stairs, uniq_crazy_yiuf_cottage,
          uniq_prince_ribbit1, uniq_joseph
D:8:      layout_gridville, mainiacjoe_overflow_small_starburst,
          minmay_lair_entry_grove, serial_shops, nicolae_shop_window_shopping,
          hangedman_abyss_or_decor_stabs, hex_tiny
D:9:      layout_cross, serial_undead, serial_undead_b, serial_undead_f,
          serial_undead_c, serial_undead_b, serial_undead_e, serial_undead_e,
          uniq_harold, uniq_erica

Skill      XL: |  1  2  3  4  5  6  7  8  9 10 |
---------------+-------------------------------+-----
Maces & Flails | 1 2 3 5 6 |  6.4
Fighting       | 1 2 4 5 |  5.0
Armour         | 1 2 3 4 |  4.4
Shields        | 1 2 3 4 5 |  5.5
Spellcasting   | 3 4 5 6 |  6.8
Necromancy     | 5 6 7 |  7.4
Dodging        | |  1.7
Stealth        | |  1.7

Action                     |  1- 3 |  4- 6 |  7- 9 | 10-12 || total
---------------------------+-------+-------+-------+-------++-------
  Melee: Whip              |    13 |    52 |   272 |    11 ||   348
         Punch             |     1 |       |       |       ||     1
         Tailslap          |       |    10 |    44 |     2 ||    56
   Cast: Necrotise         |    59 |    61 |   130 |    25 ||   275
    Use: Scroll            |     4 |     1 |    10 |     2 ||    17
         Potion            |       |     2 |     4 |     1 ||     7
   Stab: Distracted        |       |       |     1 |       ||     1
 Armour: Robe              |     7 |    28 |       |       ||    35
         Ring mail         |       |    22 |   220 |    41 ||   283
  Dodge: Dodged            |    10 |    17 |    86 |    15 ||   128
  Block: Buckler           |       |     4 |    92 |    10 ||   106
